Map: Abiogenesis LE

Players

TheEternal - Winner!

  • Race: Zerg Zerg
  • League: Platinum
  • Spawn Location: 5:00

A.I. 1 (Easy)

  • Race: Zerg Zerg
  • Spawn Location: 11:00

VOD

Have the link to the VOD?

Description

Time

  • Played on: March 25, 2018, 1:55 a.m.
  • Length: 11:49
Show
View Real Time Build Order
Export as new Build Order

TheEternal Zerg - Winner!

Build Orders: Hatch First 

Get SALT Encoding   

  12  0:01  Drone  
  13  0:13  Overlord  
  13  0:17  Drone  
  14  0:32  Drone x2  
  16  0:36  Drone  
  17  0:46  Drone  
  18  1:02  Hatchery  
  17  1:12  Spawning Pool  
  17  1:14  Drone  
  17  1:20  Drone  
  17  1:22  Drone  
  17  1:24  Extractor  
  18  1:30  Drone  
  19  1:47  Hatchery  
  18  1:49  Drone  
  19  1:57  Overlord  
  19  2:03  Zergling x2  
  20  2:15  Drone x2  
  22  2:17  Queen  
  24  2:24  Queen  
  24  2:28  Drone  
  27  2:31  Drone  
  28  2:38  Metabolic Boost  
  28  2:51  Zergling x8  
  32  2:57  Spine Crawler  
  30  2:58  Zergling x2  
  31  3:10  Spine Crawler  
  31  3:11  Zergling x4  
  32  3:15  Zergling x2  
  32  3:16  Zergling x2  
  32  3:19  Zergling x2  
  35  3:24  Zergling x4  
  32  3:29  Zergling x2  
  31  3:37  Zergling x6  
  34  3:41  Drone  
  34  3:45  Drone  
  34  3:46  Drone  
  37  3:52  Drone  
  37  3:53  Drone  
  39  3:56  Drone  
  39  3:58  Zergling x2  
  39  4:01  Zergling x2  
  42  4:12  Overlord x2  
  42  4:20  Overlord  
  42  4:28  Overlord  
  42  4:30  Queen  
  44  4:32  Overlord  
  31  5:01  Drone  
  31  5:02  Drone x9, Roach Warren  
  40  5:08  Queen  
  42  5:21  Extractor  
  42  5:24  Extractor  
  40  5:29  Extractor  
  40  5:30  Drone  
  40  5:31  Drone x8  
  48  5:40  Zergling x4  
  48  5:42  Zergling x2  
  39  5:58  Zergling x12  
  44  6:10  Roach x2  
  48  6:20  Roach x2  
  48  6:21  Roach x2  
  48  6:24  Roach  
  58  6:30  Roach  
  58  6:31  Roach  
  62  6:36  Lair  
  62  6:41  Roach x2  
  66  6:47  Drone x3  
  69  6:57  Evolution Chamber  
  68  7:03  Roach  
  68  7:04  Roach  
  68  7:05  Evolution Chamber  
  68  7:06  Drone  
  68  7:07  Drone  
  75  7:15  Roach  
  75  7:16  Roach x2  
  79  7:27  Roach x3  
  79  7:29  Zergling x4  
  76  7:41  Zergling x8  
  76  7:43  Zergling x2  
  77  7:46  Zergling x2  
  66  8:00  Roach x4  
  73  8:10  Roach x3  
  73  8:11  Roach  
  80  8:23  Overlord x2  
  80  8:29  Zerg Missile Weapons Level 1  
  80  8:41  Zergling x14  
  78  8:48  Roach x2  
  66  8:58  Zergling x8  
  70  9:05  Zergling x2  
  70  9:06  Zergling x4  
  69  9:14  Roach  
  69  9:15  Roach  
  66  9:32  Roach x5  
  75  9:43  Zergling x8  
  77  9:52  Roach  
  80  9:53  Roach x2  
  80  9:58  Glial Reconstitution  
  78  10:07  Zergling x6  
  81  10:18  Roach x2  
  81  10:19  Zergling x2  
  86  10:23  Zergling x2  
  86  10:24  Zergling x2  
  86  10:37  Zergling x12  
  86  10:41  Overlord  
  92  10:51  Roach x3  
  98  10:59  Overlord  
  98  11:00  Overlord  
  96  11:10  Overseer  
  96  11:18  Zergling x14  
Show
View Real Time Build Order
Export as new Build Order

A.I. 1 (Easy) Zerg 

Build Orders: Pool First 

Get SALT Encoding   

  12  0:00  Drone  
  13  0:13  Overlord  
  13  0:17  Drone  
  14  0:32  Drone  
  15  0:40  Spawning Pool  
  15  0:42  Drone  
  15  0:48  Drone, Extractor  
  15  1:12  Hatchery  
  15  1:13  Drone  
  15  1:26  Queen  
  15  1:28  Drone  
  18  1:36  Overlord  
  18  1:49  Overlord, Metabolic Boost  
  18  1:54  Zergling x2  
  19  1:56  Zergling x2  
  19  2:01  Zergling x2  
  21  2:12  Zergling x2  
  22  2:22  Zergling x2  
  23  2:24  Overlord  
  23  2:33  Zergling x6  
  23  2:34  Zergling x2  
  23  2:35  Zergling x2  
  28  2:45  Drone, Overlord, Queen  
  31  2:56  Roach Warren  
  30  2:58  Zergling x2  
  30  3:02  Drone  
  30  3:05  Drone  
  33  3:09  Drone  
  33  3:11  Drone  
  35  3:14  Drone  
  35  3:17  Zergling x2  
  37  3:21  Drone  
  37  3:24  Zergling x2  
  36  3:28  Zergling x2  
  36  3:33  Zergling x2  
  36  3:36  Drone  
  36  3:37  Zergling x2  
  35  3:41  Zergling x2  
  35  3:43  Drone  
  35  3:46  Zergling x2  
  38  3:50  Drone  
  38  3:52  Zergling x2  
  38  3:54  Drone  
  41  3:57  Zergling x2  
  41  3:59  Zergling x2  
  41  4:02  Zergling x2  
  44  4:06  Zergling x2  
  44  4:08  Drone  
  46  4:10  Drone  
  46  4:12  Drone  
  46  4:14  Drone  
  49  4:18  Drone  
  49  4:23  Drone, Roach  
  53  4:25  Drone  
  53  4:28  Drone  
  53  4:31  Pneumatized Carapace  
  55  4:35  Drone  
  56  4:39  Overlord  
  56  4:40  Roach  
  56  4:42  Zergling x2  
  51  4:46  Zergling x2  
  51  4:50  Overlord  
  51  4:56  Roach x2  
  51  4:58  Zergling x2  
  56  5:00  Zergling x2  
  56  5:02  Zergling x2  
  58  5:07  Overlord  
  58  5:12  Zergling x2  
  58  5:13  Zergling x2  
  60  5:17  Roach  
  60  5:21  Roach  
  64  5:24  Roach  
  64  5:26  Extractor  
  64  5:28  Drone  
  66  5:29  Roach  
  66  5:35  Overlord  
  67  5:40  Hatchery  
  67  5:41  Zergling x2  
  62  5:43  Zergling x2  
  62  5:45  Drone  
  62  5:47  Drone  
  62  5:49  Zergling x2  
  60  5:50  Ravager  
  60  5:52  Drone  
  58  5:57  Zergling x2  
  58  6:01  Drone  
  55  6:08  Overlord  
  55  6:11  Roach  
  55  6:15  Drone x2, Overlord  
  55  6:17  Baneling Nest  
  58  6:19  Drone  
  58  6:22  Zergling x2  
  59  6:30  Drone  
  60  6:33  Drone  
  61  6:41  Drone  
  61  6:44  Zergling x2  
  63  6:47  Roach, Drone, Zergling x2  
  63  6:52  Roach x9, Lair  
  63  6:53  Drone  
  70  6:54  Zergling x20  
  70  6:55  Drone  
  70  6:57  Baneling x6  
  70  7:00  Hatchery  
  70  7:01  Baneling x2  
  70  7:03  Zergling x2  
  70  7:04  Zergling x2  
  70  7:06  Zergling x2  
  73  7:13  Zergling x2  
  73  7:14  Drone  
  104  7:16  Ravager, Overlord  
  104  7:18  Drone  
  104  7:20  Drone  
  104  7:22  Drone  
  108  7:25  Drone  
  108  7:26  Drone  
  108  7:28  Drone  
  98  7:30  Ravager  
  98  7:35  Overlord  
  94  7:37  Zergling x2, Ravager  
  94  7:38  Drone  
  89  7:44  Ravager  
  89  7:45  Overlord  
  89  7:48  Roach, Zergling x2, Pathogen Glands  
  89  7:50  Drone, Zergling x2  
  91  7:52  Zergling x2  
  91  7:56  Overlord  
  86  7:59  Zergling x2  
  86  8:00  Drone  
  83  8:07  Roach  
  83  8:09  Zergling x2, Infestation Pit  
  83  8:10  Drone  
  83  8:11  Zergling x2, Extractor  
  80  8:16  Extractor  
  80  8:17  Burrow  
  80  8:19  Drone  
  77  8:20  Zergling x2  
  77  8:23  Zergling x2  
  77  8:25  Zergling x2  
  80  8:27  Drone  
  80  8:29  Drone  
  80  8:31  Zergling x2  
  81  8:34  Drone  
  81  8:37  Roach  
  81  8:40  Zergling x2  
  78  8:41  Zergling x2  
  78  8:44  Zergling x2  
  78  8:46  Zergling x2  
  78  8:48  Drone  
  75  8:50  Zergling x2  
  75  8:53  Zergling x2  
  75  8:55  Drone  
  75  8:56  Drone  
  75  8:58  Zergling x2  
  75  9:01  Zergling x2  
  74  9:03  Drone  
  74  9:06  Zergling x2  
  74  9:08  Drone  
  74  9:09  Zergling x2  
  76  9:12  Zergling x2  
  76  9:14  Zergling x2  
  76  9:16  Zergling x2  
  75  9:18  Drone  
  75  9:19  Zergling x2  
  75  9:22  Zergling x2  
  76  9:24  Drone x2  
  76  9:25  Drone x2, Zergling x2  
  76  9:27  Drone  
  76  9:28  Zergling x2  
  76  9:30  Zergling x2  
  74  9:33  Drone, Zergling x2  
  74  9:35  Drone  
  74  9:38  Drone x3  
  71  9:40  Baneling  
  71  9:43  Drone x5, Zergling x2  
  71  9:45  Drone  
  56  9:46  Zergling x2  
  56  9:50  Zergling x2  
  49  9:53  Drone  
  49  9:56  Drone x6  
  49  9:58  Drone  
  46  10:02  Drone  
  41  10:08  Zergling x2  
  40  10:14  Drone  
  40  10:20  Zergling x2  
  27  10:30  Zergling x2  
  21  10:36  Zergling x2  
  19  10:52  Drone  
  19  10:53  Drone x3  
  17  11:02  Zergling x2  
  17  11:03  Zergling x2  
  17  11:07  Drone x6  
  17  11:10  Drone  
  17  11:12  Drone x2  
  10  11:29  Zergling x2  
Tags
 
Add a new tag
Caveats
  • Supply blocks, unpowered buildings, or Contaminate may cause inaccurate times.
  • Supply counts are checked every 10 seconds.